SAAA
TREMONT DOUBLEDAYS @ ATHLETIC CLUB KC RESERVES
07/18/2032
 
TOP OF THE 1ST
Tremont Doubledays batting - Pitching for Athletic Club KC Reserves : RHP Ángel Rivera
Pitching: RHP Ángel Rivera
Batting: RHB Sergio Pérez 0-0: Foul Ball, location: 2F
0-1: Ground out 6-3 (Groundball, 6)
Batting: RHB Menno van de Vlugt 0-0: Foul Ball, location: 2F
0-1: Foul Ball, location: 2F
0-2: Ball
1-2: Ball
2-2: Foul Ball, location: 2F
2-2: Strikes out looking
Batting: SHB Ricardo Pérez 0-0: Ball
1-0: Called Strike
1-1: Ball
2-1: Foul Ball, location: 2F
2-2: Foul Ball, location: 2F
2-2: Fly out, F7 (Flyball, 7)
Top of the 1st over - 0 runs, 0 hits, 0 errors, 0 left on base; Tremont 0 - Athletic Club KC 0
BOTTOM OF THE 1ST
Athletic Club KC Reserves batting - Pitching for Tremont Doubledays : RHP Joey McCarthy
Pitching: RHP Joey McCarthy
Batting: RHB Arturo Annunziato 0-0: Swinging Strike
0-1: Fly out, F6 (Popup, P)
Batting: LHB Tony García 0-0: Called Strike
0-1: Ball
1-1: SINGLE (Groundball, 4D)
Batting: SHB Akihiko Fujii 0-0: Foul Ball, location: 2F
0-1: SINGLE (Line Drive, 7LS)
Tony García to second
Batting: LHB Ramón Morterero 0-0: Foul Ball, location: 2F
0-1: Ball
1-1: Called Strike
1-2: Fielders Choice at 2nd, 4-6 (Groundball, 4)
Tony García to third
Batting: LHB Michael Woodard 0-0: Ball
1-0: Called Strike
1-1: Ball
2-1: Foul Ball, location: 2F
2-2: Ball
3-2: Fly out, F8 (Line Drive, 8LS)
Bottom of the 1st over - 0 runs, 2 hits, 0 errors, 2 left on base; Tremont 0 - Athletic Club KC 0
TOP OF THE 2ND
Tremont Doubledays batting - Pitching for Athletic Club KC Reserves : RHP Ángel Rivera
Batting: LHB Cornelius Taitt 0-0: Swinging Strike
0-1: Ball
1-1: Foul Ball, location: 2F
1-2: Ball
2-2: Ground out 4-3 (Groundball, 4M)
Batting: RHB Martín Méndez 0-0: Swinging Strike
0-1: Foul Ball, location: 2F
0-2: Ground out 5-3 (Groundball, 56)
Batting: RHB David Pérez 0-0: Foul Ball, location: 2F
0-1: Ball
1-1: SOLO HOME RUN (Flyball, 78XD), Distance : 380 ft
Batting: RHB Andrés Gonzáles 0-0: Called Strike
0-1: Called Strike
0-2: Foul Ball, location: 2F
0-2: Fly out, F8 (Flyball, 8LS)
Top of the 2nd over - 1 run, 1 hit, 0 errors, 0 left on base; Tremont 1 - Athletic Club KC 0
BOTTOM OF THE 2ND
Athletic Club KC Reserves batting - Pitching for Tremont Doubledays : RHP Joey McCarthy
Batting: LHB Kwang-chih Feng 0-0: Ball
1-0: Ball
2-0: Ball
3-0: Base on Balls
Batting: RHB Cristóbal Covarrubiois 0-0: Called Strike
0-1: Ball
1-1: Fly out, F4 (Flyball, 4D)
Batting: RHB Tasuku Goto 0-0: Swinging Strike
0-1: Fly out, F3 (Popup, 3S)
Batting: RHB Tony Osorio 0-0: Ball
1-0: Fly out, F8 (Line Drive, 8RD)
Bottom of the 2nd over - 0 runs, 0 hits, 0 errors, 1 left on base; Tremont 1 - Athletic Club KC 0
TOP OF THE 3RD
Tremont Doubledays batting - Pitching for Athletic Club KC Reserves : RHP Ángel Rivera
Batting: RHB Arturo Morales 0-0: Called Strike
0-1: Ground out 5-3 (Groundball, 56S)
Batting: RHB Steve Jones 0-0: Called Strike
0-1: Ball
1-1: Ball
2-1: Ground out 4-3 (Groundball, 6M)
Batting: RHB Sergio Pérez 0-0: Ball
1-0: Called Strike
1-1: Ground out 6-3 (Groundball, 6)
Top of the 3rd over - 0 runs, 0 hits, 0 errors, 0 left on base; Tremont 1 - Athletic Club KC 0
BOTTOM OF THE 3RD
Athletic Club KC Reserves batting - Pitching for Tremont Doubledays : RHP Joey McCarthy
Batting: RHB Arturo Annunziato 0-0: SINGLE (Groundball, 6MD)
Batting: LHB Tony García 0-0: Ball
1-0: Ball
2-0: Swinging Strike
2-1: Foul Ball, location: 2F
2-2: Ball
3-2: Base on Balls
Arturo Annunziato to second
Batting: SHB Akihiko Fujii 0-0: Fly out, F9 (Flyball, 9LM)
Batting: LHB Ramón Morterero 0-0: Ball
1-0: Ball
Arturo Annunziato is caught stealing 3rd base
2-0: Fly out, F8 (Flyball, 8RS)
Bottom of the 3rd over - 0 runs, 1 hit, 0 errors, 1 left on base; Tremont 1 - Athletic Club KC 0
TOP OF THE 4TH
Tremont Doubledays batting - Pitching for Athletic Club KC Reserves : RHP Ángel Rivera
Batting: RHB Menno van de Vlugt 0-0: Called Strike
0-1: Ball
1-1: Ball
2-1: Swinging Strike
2-2: Strikes out swinging
Batting: SHB Ricardo Pérez 0-0: Ball
1-0: Foul Ball, location: 2F
1-1: Swinging Strike
1-2: Foul Ball, location: 2F
1-2: Ball
2-2: Strikes out swinging
Batting: LHB Cornelius Taitt 0-0: Called Strike
0-1: Ball
1-1: Foul Ball, location: 2F
1-2: Ball
2-2: Fly out, F9 (Flyball, 9)
Top of the 4th over - 0 runs, 0 hits, 0 errors, 0 left on base; Tremont 1 - Athletic Club KC 0
BOTTOM OF THE 4TH
Athletic Club KC Reserves batting - Pitching for Tremont Doubledays : RHP Joey McCarthy
Batting: LHB Michael Woodard 0-0: Ball
1-0: Swinging Strike
1-1: Swinging Strike
1-2: SINGLE (Groundball, 34D)
Batting: LHB Kwang-chih Feng 0-0: Ball
1-0: Ball
2-0: Swinging Strike
2-1: Called Strike
2-2: Foul Ball, location: 2F
2-2: Ball
3-2: Strikes out looking
Michael Woodard is caught stealing 2nd base
Batter strikes out.
Batting: RHB Cristóbal Covarrubiois 0-0: Called Strike
0-1: Ball
1-1: Foul Ball, location: 2F
1-2: SINGLE (Line Drive, 8LS)
Batting: RHB Tasuku Goto 0-0: Ground out 5-3 (Groundball, 56S)
Bottom of the 4th over - 0 runs, 2 hits, 0 errors, 1 left on base; Tremont 1 - Athletic Club KC 0
TOP OF THE 5TH
Tremont Doubledays batting - Pitching for Athletic Club KC Reserves : RHP Ángel Rivera
Batting: RHB Martín Méndez 0-0: Called Strike
0-1: Foul Ball, location: 2F
0-2: Strikes out looking
Batting: RHB David Pérez 0-0: Ball
1-0: Swinging Strike
1-1: Ground out 6-3 (Groundball, 6)
Batting: RHB Andrés Gonzáles 0-0: Ball
1-0: Called Strike
1-1: Fly out, F8 (Flyball, 8RXD)
Top of the 5th over - 0 runs, 0 hits, 0 errors, 0 left on base; Tremont 1 - Athletic Club KC 0
BOTTOM OF THE 5TH
Athletic Club KC Reserves batting - Pitching for Tremont Doubledays : RHP Joey McCarthy
Batting: RHB Tony Osorio 0-0: Swinging Strike
0-1: Ball
1-1: Ground out 6-3 (Groundball, 6)
Batting: RHB Arturo Annunziato 0-0: Called Strike
0-1: Ball
1-1: Foul Ball, location: 2F
1-2: Ball
2-2: Foul Ball, location: 2F
2-2: Foul Ball, location: 2F
2-2: Ball
3-2: Strikes out swinging
Batting: LHB Tony García 0-0: Called Strike
0-1: Ball
1-1: Ball
2-1: Swinging Strike
2-2: Ball
3-2: Fly out, F8 (Flyball, 8RXD)
Bottom of the 5th over - 0 runs, 0 hits, 0 errors, 0 left on base; Tremont 1 - Athletic Club KC 0
TOP OF THE 6TH
Tremont Doubledays batting - Pitching for Athletic Club KC Reserves : RHP Ángel Rivera
Batting: RHB Arturo Morales 0-0: Ball
1-0: Called Strike
1-1: Foul Ball, location: 2F
1-2: Foul Ball, location: 2F
1-2: Fly out, F6 (Popup, 6MD)
Batting: RHB Steve Jones 0-0: Ball
1-0: Ball
2-0: Called Strike
2-1: Foul Ball, location: 2F
2-2: Foul Ball, location: 2F
2-2: Ball
3-2: Foul Ball, location: 2F
3-2: Ground out 6-3 (Groundball, 6)
Batting: RHB Sergio Pérez 0-0: Called Strike
0-1: Ball
1-1: Called Strike
1-2: Ball
2-2: Ball
3-2: Fly out, F9 (Flyball, 89M)
Top of the 6th over - 0 runs, 0 hits, 0 errors, 0 left on base; Tremont 1 - Athletic Club KC 0
BOTTOM OF THE 6TH
Athletic Club KC Reserves batting - Pitching for Tremont Doubledays : RHP Joey McCarthy
Batting: SHB Akihiko Fujii 0-0: Called Strike
0-1: Ball
1-1: Foul Ball, location: 2F
1-2: Ball
2-2: Ball
3-2: Fly out, F7 (Line Drive, 7D)
Batting: LHB Ramón Morterero 0-0: Foul Ball, location: 2F
0-1: Ball
1-1: Ball
2-1: Ball
3-1: Fly out, F9 (Flyball, 9LMF)
Batting: LHB Michael Woodard 0-0: Ball
1-0: Called Strike
1-1: Ball
2-1: Foul Ball, location: 2F
2-2: Foul Ball, location: 2F
2-2: Ball
3-2: Foul Ball, location: 2F
3-2: SINGLE (Groundball, 4S) (infield hit)
Batting: LHB Kwang-chih Feng 0-0: Called Strike
0-1: Foul Ball, location: 2F
0-2: Ball
1-2: Foul Ball, location: 2F
1-2: Ball
2-2: Fly out, F6 (Line Drive, 6)
Bottom of the 6th over - 0 runs, 1 hit, 0 errors, 1 left on base; Tremont 1 - Athletic Club KC 0
TOP OF THE 7TH
Tremont Doubledays batting - Pitching for Athletic Club KC Reserves : RHP Ángel Rivera
Batting: RHB Menno van de Vlugt 0-0: Ball
1-0: Called Strike
1-1: Called Strike
1-2: Foul Ball, location: 2F
1-2: Foul Ball, location: 2F
1-2: Ball
2-2: Foul Ball, location: 2F
2-2: Foul Ball, location: 2F
2-2: Ball
3-2: Fly out, F7 (Line Drive, 78S)
Pitching: LHP Daniel Katz
Batting: SHB Ricardo Pérez 0-0: Called Strike
0-1: Ball
1-1: Ball
2-1: Swinging Strike
2-2: Strikes out swinging
Batting: LHB Cornelius Taitt 0-0: Ball
1-0: Ball
2-0: Called Strike
2-1: Ground out 5-3 (Groundball, 56)
Top of the 7th over - 0 runs, 0 hits, 0 errors, 0 left on base; Tremont 1 - Athletic Club KC 0
BOTTOM OF THE 7TH
Athletic Club KC Reserves batting - Pitching for Tremont Doubledays : RHP Joey McCarthy
Batting: RHB Cristóbal Covarrubiois 0-0: Fly out, F8 (Flyball, 78M)
Batting: RHB Tasuku Goto 0-0: Called Strike
0-1: Ground out U3 (Groundball, 34S)
Batting: RHB Tony Osorio 0-0: Foul Ball, location: 2F
0-1: Foul Ball, location: 2F
0-2: Ball
1-2: Ground out 4-3 (Groundball, 4)
Bottom of the 7th over - 0 runs, 0 hits, 0 errors, 0 left on base; Tremont 1 - Athletic Club KC 0
TOP OF THE 8TH
Tremont Doubledays batting - Pitching for Athletic Club KC Reserves : LHP Daniel Katz
Batting: RHB Martín Méndez 0-0: Ground out 4-3 (Groundball, 4)
Batting: RHB David Pérez 0-0: Ball
1-0: Called Strike
1-1: Foul Ball, location: 2F
1-2: Ball
2-2: Foul Ball, location: 2F
2-2: Strikes out swinging
Batting: RHB Andrés Gonzáles 0-0: Ball
1-0: Ball
2-0: Foul Ball, location: 2F
2-1: Ball
3-1: Base on Balls
Batting: RHB Arturo Morales 0-0: Called Strike
0-1: Foul Ball, location: 2F
0-2: Ball
Andrés Gonzáles steals 2nd base
1-2: Ball
2-2: 2-RUN HOME RUN (Flyball, 7D), Distance : 351 ft
Pitching: LHP António Hernández
Batting: RHB Steve Jones 0-0: Swinging Strike
0-1: Ball
1-1: Ball
2-1: Foul Ball, location: 2F
2-2: Fly out, F9 (Flyball, 9LSF)
Top of the 8th over - 2 runs, 1 hit, 0 errors, 0 left on base; Tremont 3 - Athletic Club KC 0
BOTTOM OF THE 8TH
Athletic Club KC Reserves batting - Pitching for Tremont Doubledays : RHP Joey McCarthy
Batting: RHB Arturo Annunziato 0-0: Called Strike
0-1: Ground out 2-3 (Groundball, 2R)
Batting: LHB Tony García 0-0: Called Strike
0-1: Fly out, F9 (Flyball, 89D)
Batting: SHB Akihiko Fujii 0-0: Ball
1-0: Swinging Strike
1-1: SINGLE (Line Drive, 6D)
Batting: LHB Ramón Morterero 0-0: Called Strike
0-1: Ball
1-1: SINGLE (Flyball, 89S)
Akihiko Fujii to second
Batting: LHB Michael Woodard 0-0: Ball
Wild Pitch!
Akihiko Fujii to third
Ramón Morterero to second
1-0: Swinging Strike
1-1: Ball
2-1: Ball
3-1: Called Strike
3-2: Base on Balls
Pitching: RHP Theodore Urban
Batting: LHB Kwang-chih Feng 0-0: Foul Ball, location: 2F
0-1: Foul Ball, location: 2F
0-2: Ball
1-2: Ball
2-2: Strikes out swinging
Bottom of the 8th over - 0 runs, 2 hits, 0 errors, 3 left on base; Tremont 3 - Athletic Club KC 0
TOP OF THE 9TH
Tremont Doubledays batting - Pitching for Athletic Club KC Reserves : LHP António Hernández
Batting: RHB Sergio Pérez 0-0: Foul Ball, location: 2F
0-1: Swinging Strike
0-2: Fly out, F8 (Flyball, 8LM)
Batting: RHB Menno van de Vlugt 0-0: Ground out U3 (Groundball, 34)
Batting: SHB Ricardo Pérez 0-0: Swinging Strike
0-1: Ball
1-1: Foul Ball, location: 2F
1-2: Ball
2-2: Ground out 5-3 (Groundball, 56S)
Top of the 9th over - 0 runs, 0 hits, 0 errors, 0 left on base; Tremont 3 - Athletic Club KC 0
BOTTOM OF THE 9TH
Athletic Club KC Reserves batting - Pitching for Tremont Doubledays : RHP Theodore Urban
Pitching: RHP Jack Carr
Batting: RHB Cristóbal Covarrubiois 0-0: Ball
1-0: SINGLE (Groundball, 34D)
Batting: RHB Tasuku Goto 0-0: Called Strike
0-1: Hit by Pitch
Cristóbal Covarrubiois to second
Batting: RHB Tony Osorio 0-0: Called Strike
0-1: Fly out, F8 (Flyball, 8RS)
Batting: RHB Arturo Annunziato 0-0: Fly out, F6 (Popup, P)
Batting: LHB Tony García 0-0: Called Strike
0-1: Foul Ball, location: 2F
0-2: SINGLE (Groundball, 34D)
Cristóbal Covarrubiois to third
Tasuku Goto to second
Batting: SHB Akihiko Fujii 0-0: Ball
Wild Pitch!
Cristóbal Covarrubiois scores
Tasuku Goto to third
Tony García to second
1-0: Foul Ball, location: 2F
1-1: Fly out, F9 (Line Drive, 89M)
Bottom of the 9th over - 1 run, 2 hits, 0 errors, 2 left on base; Tremont 3 - Athletic Club KC 1
Wednesday, September 19th, 2018 - OOTP Baseball 18.8 Build 76